Map: Orbital Shipyard

Players

capac - Winner!

  • Race: Terran Terran
  • League: Gold

FlatLiner

  • Race: Terran Terran
  • League: Bronze

VOD

Have the link to the VOD?

Description

Time

  • Played on: Dec. 1, 2015, 9:44 a.m.
  • Length: 7:32
Show
View Real Time Build Order
Export as new Build Order

capac Terran - Winner!

Build Orders:  

Get SALT Encoding   

  12  0:01  SCV  
  13  0:13  SCV  
  14  0:18  Supply Depot  
  14  0:25  SCV  
  15  0:39  SCV  
  15  0:41  Barracks  
  16  0:45  Refinery  
  16  0:53  SCV  
  17  1:05  SCV  
  18  1:17  SCV  
  19  1:31  Supply Depot  
  19  1:33  Orbital Command  
  20  1:43  Barracks Reactor  
  19  1:50  Command Center  
  19  2:04  Refinery  
  19  2:06  SCV  
  20  2:16  Factory  
  20  2:19  SCV  
  20  2:20  Marine x2  
  23  2:31  SCV  
  24  2:38  Marine x2  
  24  2:44  SCV  
  27  2:46  Supply Depot  
  27  2:56  Marine x2  
  29  3:02  Starport  
  29  3:03  SCV x2  
  31  3:12  Factory Tech Lab  
  31  3:15  Orbital Command, SCV  
  32  3:20  Refinery  
  32  3:31  SCV  
  32  3:32  Marine  
  32  3:33  Marine  
  35  3:38  Medivac  
  37  3:45  SCV x2  
  39  3:52  Siege Tank  
  42  3:57  SCV  
  42  4:02  Engineering Bay, Marine  
  43  4:03  Marine  
  45  4:21  Marine x2  
  38  4:59  Marine, Medivac  
  40  5:00  Marine  
  40  5:04  Siege Tank  
  45  5:17  Marine x2  
  47  5:23  Barracks  
  47  5:24  Supply Depot  
  47  5:25  Barracks  
  47  5:27  SCV  
  47  5:28  SCV  
  49  5:35  Marine x2  
  48  6:17  Marine x3  
  48  6:18  Medivac  
  52  6:46  Marine x2  
  51  6:57  Marine x2  
  53  7:03  Marine  
  53  7:04  Marine  
Show
View Real Time Build Order
Export as new Build Order

FlatLiner Terran 

Build Orders:  

Get SALT Encoding   

  12  0:01  SCV  
  13  0:13  SCV  
  14  0:17  Supply Depot  
  14  0:25  SCV  
  15  0:37  Refinery  
  15  0:39  SCV  
  16  0:47  Barracks  
  16  0:55  Supply Depot  
  16  0:58  SCV  
  17  1:10  SCV  
  18  1:16  Refinery  
  18  1:22  SCV  
  19  1:35  Supply Depot  
  19  1:36  Orbital Command  
  19  1:44  Reaper  
  20  1:52  Barracks  
  20  2:07  SCV  
  21  2:12  Supply Depot  
  21  2:16  Reaper  
  21  2:19  SCV  
  23  2:31  Barracks, SCV  
  24  2:48  Reaper  
  25  2:53  Reaper  
  26  2:58  Supply Depot  
  26  3:03  SCV  
  27  3:16  SCV  
  27  3:19  Reaper  
  29  3:20  Reaper  
  29  3:25  Reaper  
  31  3:50  Command Center  
  31  3:51  Reaper  
  31  3:52  Reaper  
  33  3:57  Reaper  
  34  4:06  Barracks  
  34  4:23  Reaper  
  35  4:24  Reaper  
  35  4:29  Reaper  
  31  4:56  Engineering Bay  
  32  5:04  Marine  
  32  5:06  Barracks Tech Lab  
  31  5:07  Barracks Reactor  
  31  5:17  Barracks Reactor  
  31  5:23  Factory  
  31  5:27  Factory  
  31  5:34  Orbital Command  
  31  5:37  SCV  
  32  5:49  SCV  
  19  6:02  Marine, SCV  
  19  6:03  Marine x4  
  14  6:14  SCV  
  15  6:20  Marine  
  15  6:21  Marine x4  
  20  6:26  SCV  
  20  6:38  Marine  
  20  6:39  Marine x4  
  13  6:56  Marine x4  
  13  6:57  Marine  
  13  7:14  Marine  
Tags
 
Add a new tag
Caveats
  • Supply blocks, unpowered buildings, or Contaminate may cause inaccurate times.
  • Supply counts are checked every 10 seconds.